 Dungeon Crawl Stone Soup version 0.29-a0-1014-ga8c0faee3b (webtiles) character file.

Game seed: 12413422690504430851

3 crawlogic the Caller (level 1, 0/7 HPs)
             Began as a Felid Summoner on Aug 9, 2022.
             Slain by a bat (1 damage)
             ... on level 1 of the Dungeon.
             The game lasted 00:00:55 (102 turns).

crawlogic the Caller (Felid Summoner)                Turns: 102, Time: 00:00:55

Health: 0/7        AC:  1    Str:  4    XL:     1   Next: 41%
Magic:  2/4        EV: 17    Int: 16    God:
Gold:   12         SH:  0    Dex: 16    Spells: 3/4 levels left
                                        Lives:  0   Deaths: 0

rFire   . . .      SeeInvis +   (weapon unavailable)
rCold   . . .      Faith    .   (shield unavailable)
rNeg    . . .      Spirit   .   (body armour unavailable)
rPois   .          Reflect  .   (helmet unavailable)
rElec   .          Harm     .   (cloak unavailable)
rCorr   .          Rampage  .   (gloves unavailable)
Will    .....                   (boots unavailable)
Stlth   ++........              (no amulet)
HPRegen 0.02/turn               (no ring)
MPRegen 0.09/turn               (no ring)

@: quick
A: very small, claws 1, fangs 3, see invisible, speed 1, shaggy fur 1, stealthy
paws, no weapons or thrown items, no armour, multi-lived
a: no special abilities


You were on level 1 of the Dungeon.
You visited 1 branch of the dungeon, and saw 1 of its levels.

You collected 12 gold pieces.

Inventory:

Potions
 a - 2 potions of magic


   Skills:
 - Level 2.6 Dodging
 - Level 2.6 Stealth
 + Level 2.1 Spellcasting
 + Level 4.1 Summonings


You had 3 spell levels left.
You knew the following spells:

 Your Spells              Type           Power      Damage    Failure   Level
a - Summon Small Mammal   Summ           56%        N/A       3%          1

Your spell library contained the following spells:

 Spells                   Type           Power      Damage    Failure   Level
 Call Imp                 Summ           14%        N/A       6%          2
 Call Canine Familiar     Summ           14%        N/A       12%         3
 Summon Guardian Golem    Hex/Summ       8%         N/A       26%         3
 Summon Lightning Spire   Summ/Air       8%         N/A       65%         4


Dungeon Overview and Level Annotations

Branches:
Dungeon (1/15)

Altars:

Shops:
D:1 (


Innate Abilities, Weirdness & Mutations

You have sharp claws.
You have razor-sharp teeth.
You have supernaturally acute eyesight. (SInv)
You cover ground quickly. (Speed+)
You are covered in fur. (AC +1)
Your paws help you pounce on unaware monsters.
You are incapable of wielding weapons or throwing items.
You cannot wear armour.
You gain extra lives every three experience levels.


Message History

Your bat hits the giant cockroach. The bat hits you but does no damage.
Your bat hits the giant cockroach but does no damage.
Your bat barely misses the bat.
The giant cockroach closely misses your bat.
The hobgoblin completely misses your bat.
The bat hits you.
Your bat hits the giant cockroach but does no damage.
Your bat barely misses the bat.
The bat barely misses you. The giant cockroach bites your bat.
The bat closely misses your bat.
Your bat closely misses the giant cockroach.
The giant cockroach barely misses your bat.
The hobgoblin hits you.
Ouch! That really hurt!
* * * LOW HITPOINT WARNING * * *
Your bat hits the giant cockroach but does no damage.
Your bat barely misses the giant cockroach.
The giant cockroach misses your bat.
Your bat hits the giant cockroach but does no damage. x2
The giant cockroach closely misses your bat.
Your bat closely misses the giant cockroach.
The giant cockroach bites your bat but does no damage.
The bat attacks as you move away! The bat closely misses you.
Your bat hits the giant cockroach.
The giant cockroach dies!
The bat misses you. The bat attacks as you move away!
The bat closely misses you.
Your bat barely misses the hobgoblin.
The bat misses you.
Your bat closely misses the hobgoblin.
The bat barely misses you.
There is an open door here.
You are too injured to fight recklessly!
Your bat hits the hobgoblin but does no damage.
The bat closely misses you.
Found 11 gold pieces.
Your bat hits the hobgoblin but does no damage. x2
Your bat hits the hobgoblin but does no damage.
The bat completely misses you. The bat attacks as you move away!
The bat hits you.
You die...

.. #..##.....# #.# .#.
#..8##...#####.#
..#+#######..............#
#...........8############
+..................
##...............###
#...........†..#.#
#..........#...#>#
#.........@....# #
.#.........b....#
..................#
...........g..(...#
...........###....#
......####b## ....# ..#.#.
#.# ....# ....#.####.###
....# ..........b..# ....#


You could see a hobgoblin (ally target), a bat and a friendly bat (summoned).

Vanquished Creatures (collateral kills)
  2 giant cockroaches (D:1)
  A bat (D:1)
3 creatures vanquished.

Notes
Turn   | Place    | Note
-------+----------+-------------------------------------------
     0 | D:1      | crawlogic the Felid Summoner began the quest for the Orb.
     0 | D:1      | Reached XP level 1. HP: 7/7 MP: 4/4
    82 | D:1      | Found Ykuics's Antique Weapon Shoppe.
   102 | D:1      | Slain by a bat

Illustrated notes

Levels and vault maps discovered:
D:1:      psy_arrival_basics, layout_basic, serial_shops,
          nicolae_shop_temple_entry_statues_fountains

Action                   || total
-------------------------++-------
Melee: Unarmed           ||     5
 Cast: Summon Small Mamm ||     6
Armor: Skin              ||     1
Dodge: Dodged            ||    24

Table legend: (Time is in decaauts)
 A = Elapsed time spent in this place.
 B = Non-inter-level travel time spent in this place.
 C = Inter-level travel time spent in this place.
 D = Time resting spent in this place.
 E = Time spent auto-exploring this place.
 F = Levels seen in this place.
 G = Mean time per level.
                   A        B        C        D        E       F      G
               +--------+--------+--------+--------+--------+-----+--------+
         Total |     87 |     87 |      0 |      0 |     45 |   1 |   87.0 |
       Dungeon |     87 |     87 |      0 |      0 |     45 |   1 |   87.0 |
               +--------+--------+--------+--------+--------+-----+--------+

Top non-repeatable levels by time:
     D:1: 87 daAuts
